 Dungeon Crawl Stone Soup version 0.20.0-7-g3b7b877 (webtiles) character file.

56 McKennaii the Skirmisher (level 3, -2/30 HPs)
             Began as a Demonspawn Abyssal Knight on May 29, 2017.
             Was a Follower of Lugonu.
             Slain by Natasha (5 damage)
             ... on level 2 of the Dungeon.
             The game lasted 00:03:31 (1883 turns).

McKennaii the Skirmisher (DsAK)                     Turns: 1883, Time: 00:03:32

Health: -2/30      AC:  5    Str: 12    XL:     3   Next: 71%
Magic:  5/5        EV: 12    Int: 13    God:    Lugonu [*.....]
Gold:   80         SH:  0    Dex: 13    Spells: 2/2 levels left

rFire    . . .     SeeInvis .   a - +1 hand axe
rCold    . . .     Gourm    .   (no shield)
rNeg     + . .     Faith    .   b - +0 leather armour
rPois    .         Spirit   .   (no helmet)
rElec    .         Reflect  .   (no cloak)
rCorr    .         Harm     .   h - +1 pair of gloves
MR       .....                  (no boots)
Stlth    +.........             (no amulet)
Regen    0.1/turn               o - +1 ring of evasion
MPRegen  0.1/turn               q - ring of positive energy

@: no status effects
A: claws 1, spiny 1
a: Depart the Abyss, Renounce Religion


You were on level 2 of the Dungeon.
You worshipped Lugonu.
Lugonu was aware of your devotion.
You were not hungry.

You visited 1 branch of the dungeon, and saw 2 of its levels.
You visited the Abyss 1 time.

You collected 80 gold pieces.

Inventory:

Hand Weapons
 a - a +1 hand axe (weapon)
Armour
 b - a +0 leather armour (worn)
 h - a +1 pair of gloves (worn)
Jewellery
 o - a +1 ring of evasion (left hand)
 q - a ring of positive energy (right hand)
Scrolls
 d - 2 scrolls of remove curse {unknown}
 e - a scroll of vulnerability {unknown}
 i - a scroll of enchant weapon {unknown}
 k - a scroll of fog {unknown}
 l - a scroll of random uselessness {unknown}
 m - a scroll of immolation {unknown}
 n - a scroll of identify {unknown}
 s - a scroll of noise {unknown}
Potions
 f - a potion of berserk rage {unknown}
 j - a potion of flight {unknown}
 p - 2 potions of mutation {unknown}
 r - a potion of invisibility {unknown}
Comestibles
 c - a bread ration
 g - 2 royal jellies
 t - 2 chunks of flesh


   Skills:
 + Level 3.8 Fighting
 + Level 2.4 Axes
 + Level 2.0 Armour
 + Level 1.1 Dodging
 + Level 0.4 Stealth
 + Level 2.8 Invocations


You had 2 spell levels left.
You didn't know any spells.

Dungeon Overview and Level Annotations

Branches:
Dungeon (2/15)

Altars:

Annotations:
D:2 Natasha


Innate Abilities, Weirdness & Mutations

You have sharp fingernails.
You are partially covered in sharp spines.


Message History

You hit Natasha but do no damage.
Natasha is moderately wounded.
You barely miss the crimson imp.
Natasha drinks a potion.
Natasha seems to speed up.
The crimson imp hits you but does no damage.
You closely miss Natasha.
Natasha is moderately wounded.
You miss the crimson imp. Natasha claws you but does no damage.
The crimson imp blinks!
Natasha claws you.
* * * LOW HITPOINT WARNING * * *
Unknown command.
You barely miss Natasha.
Natasha is moderately wounded.
Natasha is struck by your spines. Natasha closely misses you.
Natasha is struck by your spines. Natasha claws you.
* * * LOW HITPOINT WARNING * * *
You hit Natasha.
Natasha is heavily wounded.
Natasha is struck by your spines. Natasha claws you.
You die...

.≈..w....#
#...#.###########.
..########
#................. ..##
#...#.##########.. ....
....#........# #..
...#############.#.#.####.#
#..
......†......###>....####.##
#..
....########....#..........#
#.# .#...# #####.#.######..#
#.# #.#..######## #@#>
#..####)#
###..........5.h§#.
####........ #
##.#############
.........#### # #.#
#####.#### ####.# #.# .....#
..# ###### #### ..# ### #.#
#..


You could see Natasha and a crimson imp.

Vanquished Creatures
  An adder (D:2)
  An ooze (D:2)
  3 worms (D:2)
  6 bats
  6 goblins
  8 hobgoblins
  3 kobolds
  A frilled lizard (D:2)
  3 rats
32 creatures vanquished.

Notes
Turn   | Place    | Note
-------+----------+-------------------------------------------
     0 | Abyss:1  | McKennaii the Demonspawn Abyssal Knight began the quest for the Orb.
     0 | Abyss:1  | Reached XP level 1. HP: 18/18 MP: 2/2
    86 | Abyss:3  | Noticed a dire elephant
    86 | Abyss:3  | Noticed a dire elephant
    89 | Abyss:3  | Noticed a yellow draconian shifter
    90 | Abyss:3  | Noticed a dire elephant
   119 | Abyss:3  | Noticed a large abomination
   134 | Abyss:3  | Noticed a large abomination
   134 | D:1      | Escaped the Abyss
   456 | D:1      | Gained mutation: You are partially covered in sharp spines. [demonic ancestry]
   456 | D:1      | Reached XP level 2. HP: 22/24 MP: 3/3
   544 | D:1      | Reached * piety under Lugonu
   967 | D:2      | Gained mutation: You have sharp fingernails. [demonic ancestry]
   967 | D:2      | Reached XP level 3. HP: 17/29 MP: 3/5
  1153 | D:2      | Found a faded altar of an unknown god.
  1280 | D:2      | Reached skill level 1 in Dodging
  1876 | D:2      | Noticed Natasha
  1883 | D:2      | Slain by Natasha

Skill      XL: |  1  2  3 |
---------------+----------+-----
Axes           | 2 |  2.4
Armour         | 2 |  2.0
Dodging        | 1 |  1.1
Fighting       | |  3.8
Stealth        | |  0.4
Invocations    | |  2.8

Action                   || total
-------------------------++-------
Melee: Hand axe          ||   109
Invok: Depart the Abyss  ||     1
 Stab: Sleeping          ||     1
  Eat: Chunk             ||     3
Armor: Leather armour    ||    30
Dodge: Dodged            ||    62
